 Dungeon Crawl Stone Soup version 0.29-a0-474-gdfe5cd140f (webtiles) character file.

Game seed: 16052751151140417032

67 xian the Conjurer (level 3, 0/25 (26) HPs)
             Began as a Draconian Conjurer on May 24, 2022.
             Slain by an orc priest
             ... wielding a +0 trident
              (4 damage)
             ... on level 3 of the Dungeon.
             The game lasted 00:04:31 (2661 turns).

xian the Conjurer (Draconian Conjurer)              Turns: 2661, Time: 00:04:32

HP:   0/25 (26)     AC:  5    Str:  9    XL:     3   Next: 98%
MP:   1/6           EV: 12    Int: 20    God:
Gold: 165           SH:  0    Dex:  9    Spells: 5/6 levels left

rFire   . . .      SeeInvis .   m - +4 short sword
rCold   . . .      Faith    .   (no shield)
rNeg    . . .      Spirit   .   (body armour unavailable)
rPois   .          Reflect  .   (helmet restricted)
rElec   .          Harm     .   (no cloak)
rCorr   .          Rampage  .   (no gloves)
Will    .....                   (no boots)
Stlth   ++........              (no amulet)
HPRegen 0.08/turn               (no ring)
MPRegen 0.10/turn               (no ring)

@: lightly drained
A: AC +5, unfitting armour, cold-blooded
a: no special abilities


You were on level 3 of the Dungeon.
You visited 1 branch of the dungeon, and saw 3 of its levels.

You collected 165 gold pieces.

Inventory:

Hand Weapons
 m - a +4 short sword (weapon)
Scrolls
 b - a scroll of enchant armour {unknown}
 c - a scroll of poison {unknown}
 d - 2 scrolls of teleportation
 f - 2 scrolls of identify {unknown}
 g - a scroll of blinking {unknown}
 i - a scroll of amnesia {unknown}
 j - a scroll of fear {unknown}
Potions
 a - a potion of magic
 e - a potion of heal wounds {unknown}
 h - 2 potions of degeneration {unknown}
 k - a potion of invisibility {unknown}
 l - a potion of might {unknown}


   Skills:
 + Level 0.3 Fighting
 + Level 0.4 Short Blades
 + Level 2.2 Dodging
 + Level 1.9 Stealth
 + Level 2.3 Spellcasting
 + Level 4.9 Conjurations


You had 5 spell levels left.
You knew the following spells:

 Your Spells              Type           Power      Damage    Failure   Level
a - Magic Dart            Conj           88%        1d7       1%          1

Your spell library contained the following spells:

 Spells                   Type           Power      Damage    Failure   Level
 Searing Ray              Conj           44%        2d6       3%          2
 Dazzling Flash           Conj/Hex       24%        N/A       17%         3
 Fulminant Prism          Conj/Hex       6%         3d7       50%         4
 Iskenderun's Mystic Bla  Conj/Tloc      12%        2d5       50%         4


Dungeon Overview and Level Annotations

Branches:
Dungeon (3/15)

Altars:


Innate Abilities, Weirdness & Mutations

Your plain brown scales are hard. (AC +5)
You cannot fit into any form of body armour.
You are cold-blooded and may be slowed by cold attacks.


Message History

The orc priest is lightly wounded.
The orc priest shouts!
The magic dart hits the orc priest but does no damage.
The orc priest is lightly wounded.
The magic dart hits the orc priest but does no damage.
The orc priest is lightly wounded.
The magic dart hits the orc priest.
The orc priest is moderately wounded.
You are too depleted to draw on your mana recklessly!
You are too depleted to draw on your mana recklessly!
The orc priest hits you from afar with a +0 trident!
The orc priest hits you with a +0 trident.
* * * LOW HITPOINT WARNING * * *
You hit the orc priest.
The orc priest is heavily wounded.
The orc priest closely misses you.
You barely miss the orc priest.
The orc priest is heavily wounded.
The orc priest misses you.
You barely miss the orc priest.
The orc priest is heavily wounded.
The orc priest misses you.
You hit the orc priest but do no damage.
The orc priest is heavily wounded.
The orc priest misses you.
You hit the orc priest but do no damage.
You tail-slap the orc priest, but do no damage.
The orc priest is heavily wounded.
The orc priest barely misses you.
You hit the orc priest but do no damage.
The orc priest is heavily wounded.
The orc priest barely misses you.
You closely miss the orc priest.
The orc priest is heavily wounded.
The orc priest closely misses you.
You barely miss the orc priest.
Your tail-slap misses the orc priest.
The orc priest is heavily wounded.
The orc priest casts a cantrip, but nothing happens.
The orc priest hits you with a +0 trident.
You die...

...........≈≈.....≈P..≈≈P.≈######
#..≈≈.≈.P.≈≈)≈P.≈..≈≈≈≈≈≈≈≈≈≈≈≈≈≈
..≈.≈P≈≈≈≈≈≈≈≈≈≈≈≈≈≈≈≈≈≈≈≈≈≈≈≈≈≈≈
...P≈≈≈≈≈≈≈≈≈≈≈≈≈≈≈≈≈≈≈≈≈≈P≈≈≈#
..≈P≈≈≈≈≈≈≈≈≈≈≈.≈PP≈≈≈P≈≈..≈####
≈≈≈≈≈≈≈≈≈≈≈≈≈.≈.P≈.≈≈.≈.P...≈..#
≈≈≈≈≈P≈≈≈≈.≈≈..................#
≈≈≈≈P≈.≈PP.)..#...####.#.......##
≈.P..≈≈....####.@...##..........#
≈≈.≈...........o................'
≈.........#.)...................#
.....#.#..#.#####.#.####.......##
..........#.# #####.# ##.....##
....##.####.# #..>..# ##..[## #.
#.# #.# #.###.# ##'## #.#
#.###.###.# #.# #.# #.........#
#.#####


You could see an orc priest.

Vanquished Creatures
  An adder (D:2)
  A worm (D:2)
  2 dart slugs
  5 orcs (D:3)
  6 bats
  4 endoplasms
  2 giant cockroaches
  4 goblins (D:2)
  4 hobgoblins (D:2)
  A quokka (D:1)
  4 ball pythons
  A frilled lizard (D:1)
  5 kobolds
  4 rats
44 creatures vanquished.

Vanquished Creatures (others)
  A plant (D:3)
1 creature vanquished.

Grand Total: 45 creatures vanquished

Notes
Turn   | Place    | Note
-------+----------+-------------------------------------------
     0 | D:1      | xian the Draconian Conjurer began the quest for the Orb.
     0 | D:1      | Reached XP level 1. HP: 14/14 MP: 3/3
   466 | D:1      | Reached XP level 2. HP: 20/20 MP: 1/5
  1119 | D:2      | Reached XP level 3. HP: 18/26 MP: 0/6
  2661 | D:3      | Slain by an orc priest

Illustrated notes

Levels and vault maps discovered:
D:1:      heliophobic_arrival_glass_houses, layout_basic
D:2:      layout_basic
D:3:      layout_loops_corners, lemuel_tele_altar,
          lemuel_coloured_pillars_altar, chequers_big_river

Skill      XL: |  1  2 |
---------------+-------+-----
Dodging        | 2 |  2.2
Fighting       | |  0.3
Short Blades   | |  0.4
Stealth        | |  1.9
Spellcasting   | |  2.3
Conjurations   | |  4.9

Action                   || total
-------------------------++-------
Melee: Dagger            ||    38
       Tailslap          ||     9
       Unarmed           ||     1
       Short sword       ||    21
 Cast: Magic Dart        ||    79
  Use: Scroll            ||     2
Armor: Skin              ||    22
Dodge: Dodged            ||    53

Table legend: (Time is in decaauts)
 A = Elapsed time spent in this place.
 B = Non-inter-level travel time spent in this place.
 C = Inter-level travel time spent in this place.
 D = Time resting spent in this place.
 E = Time spent auto-exploring this place.
 F = Levels seen in this place.
 G = Mean time per level.
                   A        B        C        D        E       F      G
               +--------+--------+--------+--------+--------+-----+--------+
         Total |   2671 |   2659 |     12 |    254 |   2071 |   3 |  890.3 |
       Dungeon |   2671 |   2659 |     12 |    254 |   2071 |   3 |  890.3 |
               +--------+--------+--------+--------+--------+-----+--------+

Top non-repeatable levels by time:
     D:2: 1298 daAuts
     D:1: 952 daAuts
     D:3: 420 daAuts
